AoeStats
← TIGER35397

Arena

508957652Analyzed
3v3 RM · 8d ago on Sep 24, 2026· 39m 41s· 6 players
Game mode
Random Map
Map size
Normal (6 player)
Population
200
Speed
Normal
Resources
Standard
Victory
Conquest
Starting age
Dark Age
Ending age
Imperial Age
RankedLock teamsTeams togetherTeam positionsShared explorationLock speedFull tech treeHidden civsTurbo modeCheats
Victory
Defeat
🇭🇰 Franks · Hong Kong SAR China
1306
+16
🇺🇸 Saxons · United States
1293
+16
🇨🇳 Danes · China
1240
+18
🇺🇸 Maya · United States
1373
-20
🇬🇧 Wu · United Kingdom
1306
-17
🇺🇸 Cumans · United States
1208
-13
La Hire
9:00 Feudal Age
12:04 Double-Bit Axe
14:39 Castle Age
12:26 Horse Collar
15:08 Loom
15:10 Double-Bit Axe
16:40 Bow Saw
16:59 Gold Mining
17:14 Heavy Plow
18:33 Scale Mail Armor
22:08 Arson
22:40 Scale Mail Armor
23:18 Squires
23:56 Forging
26:09 Chain Mail Armor
29:26 Wheelbarrow
29:45 Gold Mining
34:19 Imperial Age
32:41 Masonry
32:48 Stone Mining
34:09 Hand Cart
35:06 Iron Casting
34:39 Onager
36:34 Gold Shaft Mining
37:48 Siege Engineers
大庆Song
7:54 Loom
11:24 Feudal Age
14:56 Castle Age
12:45 Double-Bit Axe
13:35 Gold Mining
14:39 Scale Barding Armor
18:07 Husbandry
24:11 Wheelbarrow
23:22 Loom
24:17 Chain Barding Armor
27:30 Forging
28:57 Iron Casting
29:53 Light Cavalry
33:50 Imperial Age
32:44 Hand Cart
31:51 Pikeman
32:33 Squires
32:34 Scale Mail Armor
34:37 Coinage
33:54 Cavalier
35:10 Plate Barding Armor
35:36 Blast Furnace
35:02 Conscription
35:24 Paladin
37:28 Chain Mail Armor
36:57 Halberdier
37:25 Arson
38:38 Banking
alexisjcw
6:34 Loom
8:58 Feudal Age
10:30 Stone Mining
10:48 Fletching
11:16 Double-Bit Axe
12:03 Town Watch
14:20 Horse Collar
21:54 Castle Age
21:08 Gold Mining
22:48 Bodkin Arrow
25:25 Scale Mail Armor
25:36 Forging
27:50 Chain Mail Armor
27:46 Forging
29:46 Squires
29:32 Arson
30:54 Iron Casting
35:12 Gold Shaft Mining
35:21 Wheelbarrow
36:22 Bow Saw
36:14 Heavy Plow
39:40 Imperial Age
TIGER35397
0:28 Loom
10:09 Feudal Age
11:57 Double-Bit Axe
14:21 Castle Age
12:37 Horse Collar
15:22 Bow Saw
17:49 Wheelbarrow
25:35 Imperial Age
23:33 Fletching
23:47 Padded Archer Armor
28:09 Bodkin Arrow
29:06 Bracer
30:56 Leather Archer Armor
32:24 Ballistics
32:41 Ring Archer Armor
36:41 Hand Cart
36:32 Town Watch
36:12 Crossbowman
37:29 Thumb Ring
38:30 Chemistry
38:30 Arbalester
Calum1Ltv
10:12 Feudal Age
14:38 Castle Age
14:20 Fletching
16:43 Loom
17:36 Bodkin Arrow
31:14 Padded Archer Armor
37:20 Imperial Age
36:02 Wheelbarrow
36:36 Scale Mail Armor
36:46 Forging
37:23 Masonry
37:42 Red Cliffs Tactics
37:07 Pikeman
37:48 Squires
38:26 Conscription
38:09 Bracer
40:15 Hand Cart
Bostonstrain
6:31 Loom
9:19 Feudal Age
9:57 Double-Bit Axe
13:44 Horse Collar
14:59 Wheelbarrow
16:34 Gold Mining
19:12 Scale Barding Armor
19:21 Forging
21:30 Bloodlines
23:46 Castle Age
24:48 Chain Barding Armor
25:03 Iron Casting
24:10 Capped Ram
25:08 Stone Mining
28:46 Hand Cart
29:42 Heavy Plow
30:23 Gold Shaft Mining
29:36 Light Cavalry
37:15 Thumb Ring
37:04 Fletching
37:42 Bow Saw
42:18 Imperial Age
Connection lost

Rejoining the realm…

Still unreachable

The connection could not be restored.

Session expired

The server has moved on; the page needs a fresh start.